 Dungeon Crawl Stone Soup version 0.30.0-7-g0c4daa9e05 (webtiles) character file.

Game seed: 7066348007787432004

24210 Kenran the Thaumaturge (level 13, -20/94 HPs)
             Began as a Djinni Fire Elementalist on May 13, 2023.
             Was a Priest of Makhleb.
             Killed from afar by a bog body (36 damage)
             ... with a bolt of cold
             ... on level 3 of the Lair of Beasts.
             The game lasted 00:46:25 (16636 turns).

Kenran the Thaumaturge (Djinni Fire Elementalist)  Turns: 16636, Time: 00:46:25

Health: -20/94     AC:  8    Str:  7    XL:     13   Next: 41%
Gold:   1285       EV: 15    Int: 33    God:    Makhleb [***...] SH:  0 Dex: 15

rFire   + + +        y - staff of conjuration "Zyumak" {*Corrode rElec rPois Int+8, !a}
rCold   x . .        (no shield)
rNeg    . . .        e - +3 leather armour "Umibla" {rF+ Int+4}
rPois   ∞            (no helmet)
rElec   +            C - +0 cloak
rCorr   .            K - +0 pair of gloves
SInv    .            (boots unavailable)
Will    +....        (no amulet)
Stlth   ++           Z - ring of wizardry
HPRegen 0.35/turn    O - +4 ring of protection
MPRegen 0.00/turn

%: corrode self (3%), wizardry (x1), infuse magic (-21 HP)
@: corroded, flying, slowed, very slow
A: sickness immunity, fire resistance 2, cold vulnerability 1, float, innate
caster, HP casting, extra vitality 1
a: Renounce Religion, Minor Destruction, Lesser Servant of Makhleb


You were on level 3 of the Lair of Beasts.
You worshipped Makhleb.
Makhleb was most pleased with you.
You visited 3 branches of the dungeon, and saw 14 of its levels.
You also visited: Bailey and Gauntlet.

You collected 1311 gold pieces.
You spent 26 gold pieces at shops.


Innate Abilities, Weirdness & Mutations

You are immune to sickness and miasma.
You are immune to poison.
Your flesh is very heat resistant. (rF++)
You are vulnerable to cold. (rC-)
You float through the air rather than walking.
You learn spells naturally, not from books.
Your magical power is your life essence.
You have superior vitality. (+4 MHP)


   Skills:
 + Level 8.8 Fighting
 - Level 8.0 Dodging
 - Level 2.0 Stealth
 + Level 14.1 Spellcasting
 + Level 4.7 Invocations


You knew the following spells:

 Your Spells              Type           Power      Damage    Failure   Level
a - Anguish               Hex/Necr       43%        N/A       1%          4
f - Foxfire               Conj/Fire      100%       2x1d9     0%          1
i - Inner Flame           Hex/Fire       86%        N/A       1%          3
m - Mephitic Cloud        Conj/Pois/Air  100%       N/A       1%          3
p - Poisonous Vapours     Pois/Air       100%       N/A       0%          2
r - Searing Ray           Conj           100%       2d8       0%          2
s - Sting                 Tmut/Pois      100%       1d8       0%          1
v - Summon Mana Viper     Hex/Summ       86%        N/A       1%          5
X - Scorch                Fire           100%       2d9       0%          2
Y - Volatile Blastmotes   Fire/Tloc      100%       2d18      1%          3
Z - Flame Wave            Conj/Fire      100%       2d21      1%          4
Your spell library was empty.

Inventory:

Hand Weapons
 c - the +7 broad axe "Notavose" {flame, rN++ Str-3 Dex+3}
   (You took it off an orc warrior in a bailey)

   Str:       It affects your strength (-3).
   Dex:       It affects your dexterity (+3).
   rN:        It greatly protects you from negative energy.
 w - the +0 hand axe of Shrieking Terror {freeze, rF+ rC+ Str+2}
   (You found it on level 7 of the Dungeon)

   Str:       It affects your strength (+2).
   rF:        It protects you from fire.
   rC:        It protects you from cold.
 P - the +6 dagger of Gallantry {freeze, rElec rN++ Will+ Int+3 Dex-4}
   (You found it in a Gauntlet)

   Int:       It affects your intelligence (+3).
   Dex:       It affects your dexterity (-4).
   rElec:     It insulates you from electricity.
   rN:        It greatly protects you from negative energy.
   Will:      It increases your willpower.
Missiles
 j - 35 poisoned darts
 t - 2 throwing nets {=f!f}
 I - a curare-tipped dart {=f}
Armour
 e - the +3 leather armour "Umibla" (worn) {rF+ Int+4}
   (You found it on level 2 of the Dungeon)

   Int:       It affects your intelligence (+4).
   rF:        It protects you from fire.
 C - a +0 cloak (worn)
   (You took it off Maurice on level 9 of the Dungeon)
 K - a +0 pair of gloves (worn)
   (You found it on level 8 of the Dungeon)
 T - the +2 robe of Reason {rF+ Dex+2}
   (You found it in a Gauntlet)

   Dex:       It affects your dexterity (+2).
   rF:        It protects you from fire.
Magical Staves
 y - the staff of conjuration "Zyumak" (weapon) {*Corrode rElec rPois Int+8, !a}
   (You found it in a bailey)

   [staff of conjuration]

   Your inability to study Conjurations prevents you from drawing on the full
   power of this staff in melee.
   Base accuracy: +5 Base damage: 5 Base attack delay: 1.2 This weapon's minimum
   attack delay (0.6) is reached at skill level 12.
   Int:       It affects your intelligence (+8).
   rElec:     It insulates you from electricity.
   rPois:     It protects you from poison.
   *Corrode:  It may corrode you when you take damage.
   It falls into the 'Staves' category.
   It is a one-handed weapon.
 L - a staff of cold {!a}
   (You found it on level 8 of the Dungeon)
 S - a staff of fire {!a}
   (You found it in a Gauntlet)
Jewellery
 D - a +6 ring of dexterity
   (You found it on level 1 of the Dungeon)
 E - a +5 ring of evasion
   (You found it on level 5 of the Dungeon)
 O - a +4 ring of protection (right hand)
   (You found it on level 4 of the Dungeon)
 Q - the ring "Zaudargha" {rPois Int+6}
   (You took it off a minotaur in a Gauntlet)

   [ring of poison resistance]

   Int:       It affects your intelligence (+6).
   rPois:     It protects you from poison.
 R - the amulet "Quphapn" {RegenMP Rampage Drain Fly Slay+4}
   (You found it in a Gauntlet)

   [amulet of magic regeneration]

   It increases your rate of magic regeneration.
   Slay:      It affects your accuracy & damage with ranged weapons and melee
   (+4).
   Fly:       It grants you flight.
   Drain:     It drains your maximum health when unequipped.
   Rampage:   It bestows one free step when moving towards enemies.
 Z - a ring of wizardry (left hand)
   (You found it on level 2 of the Lair of Beasts)
Wands
 o - a wand of flame (28)
   (You found it on level 6 of the Dungeon)
 v - a wand of roots (22)
   (You took it off a kobold in a bailey)
 G - a wand of paralysis (2)
   (You found it on level 7 of the Dungeon)
Scrolls
 a - a scroll of torment {!r}
 b - a scroll of fear
 f - 4 scrolls of blinking {!r}
 i - 4 scrolls of enchant armour
 m - 4 scrolls of poison
 q - 2 scrolls of enchant weapon
 z - a scroll of vulnerability {unknown}
 A - 5 scrolls of teleportation {@r4}
 B - 4 scrolls of magic mapping {!r}
 H - a scroll of immolation {!r!r}
 J - a scroll of butterflies
 M - 2 scrolls of fog
Potions
 d - 3 potions of lignification {unknown}
 g - 5 potions of flight
 h - 3 potions of brilliance
 k - 7 potions of curing {@q1}
 l - 3 potions of heal wounds {@q2}
 n - 3 potions of degeneration {unknown}
 p - 3 potions of attraction {unknown}
 r - 4 potions of might
 s - 2 potions of mutation {!q}
 u - a potion of invisibility {unknown}
 F - a potion of magic {unknown}
 N - a potion of berserk rage {unknown}
Miscellaneous
 x - a phantom mirror (inert)
   (You found it in a bailey)

Dungeon Overview and Level Annotations

Branches:
Dungeon (10/15) Zot: 25429  Temple (1/1) D:7 Zot: 5953    Lair (3/5) D:8 Zot: 13933
  Snake (0/4) Lair:2          Orc (0/2) D:10         Bailey (visited)
Gauntlet (visited)
  Swamp: Lair:2-3    Shoals: Lair:2-3

Altars:
Ashenzari
Cheibriados
Dithmenos
Elyvilon
Fedhas
Gozag
Hepliaklqana
Makhleb
Nemelex Xobeh
Okawaru
Qazlal
Ru
Trog
Uskayaw
Wu Jian
Xom
Yredelemnul
Zin
The Shining One

Shops:
D:2 (   D:7 *   D:8 [

Annotations:
D:8 exclusion: downstairs
D:9 exclusions: ice statue and obsidian statue

.## ##.......P#### ~♣ P#
##............#####♣ §§§§♣ .#
#.....###.......##.♣ n♣≈♣
####....###...........♣♣♣..S♣
#.....#.###...#......♣♣~♣.~♣
#...PP####..##.......♣♣~..≈♣♣♣##
#....## #............♣♣~.♣†♣♣.##
###### ##....<......♣♣~..≈♣♣...
### ###......@.....♣♣~..~♣♣###
#.# ###.........n.....♣♣..≈♣.##.
##.###..#............#.♣≈.†≈♣...#
.....................#.♣~..~♣..##
...†÷................P.♣~..~♣...#
##†....................♣♣..♣♣....
###.....................♣..♣.....
##.......<..............♣..♣.....
..................##.....⌠⌠......


You could see a bog body (combustible).


Message History

You take 1 damage, and now have 92/93 hp.
Casting: Foxfire (safe; 0% risk of failure)
Confirm with . or Enter, or press ? or * to list all spells.
You feel a surge of power!
You conjure some foxfire!
The foxfire hits the bog body.
The bog body resists.
The foxfire hits the bog body.
The bog body resists.
Casting: Foxfire (safe; 0% risk of failure)
Confirm with . or Enter, or press ? or * to list all spells.
You feel a surge of power!
You conjure some foxfire!
The foxfire hits the bog body.
The bog body resists.
The foxfire hits the bog body.
The bog body resists.
The bog body casts a spell at you. The bolt of cold hits your foxfire!
The bolt of cold misses you. 😕 HP[-1]
You take 1 damage, and now have 91/93 hp.
Casting: Foxfire (safe; 0% risk of failure)
Confirm with . or Enter, or press ? or * to list all spells.
You feel a surge of power!
You conjure some foxfire!
You are engulfed in freezing vapours.
Your foxfire is engulfed in freezing vapours. x2
The foxfire hits the bog body.
The bog body resists.
Your foxfire is engulfed in freezing vapours. x4 😮 HP[-41]
You take 41 damage, and now have 50/93 hp.
MASSIVE DAMAGE!! (PAUSE)
Casting: Foxfire (safe; 0% risk of failure)
Confirm with . or Enter, or press ? or * to list all spells.
Flames lash the bog body.
The bog body resists.
The bog body's fire resistance burns away.
The foxfire hits the bog body.
The foxfire hits the bog body! x2
The bog body is engulfed in a cloud of scalding steam. 😮 HP[-2]
You take 2 damage, and now have 48/93 hp.
Casting: Scorch (safe; 0% risk of failure)
Confirm with . or Enter, or press ? or * to list all spells.
Flames lash the bog body.
You destroy the bog body!
Makhleb accepts your kill.
You feel better. 😮 HP[+8]
You now have 94 max hp (+1).
You regained 8 hp, and now have 56/94 hp.
You start resting.
A bog body comes into view. 😮 HP[+2]
You regained 2 hp, and now have 58/94 hp.
A bog body is nearby! 😮 HP[+1]
An electric eel comes into view. 😮 HP[+1]
The bog body gestures at you while chanting.
You feel as though you will be slow longer. 😮 HP[+1]
The bog body points at you and mumbles some strange words.
You resist with some effort. 😮 HP[+1] 😮 HP[+1] 😮 HP[+1] 😮 HP[+1] 😮 HP[+1]
The bog body attacks as you move away!
The bog body touches you but does no damage.
The bog body points at you and mumbles some strange words.
The bolt of cold misses you.
Casting: Scorch (safe; 0% risk of failure)
Confirm with . or Enter, or press ? or * to list all spells.
Flames lash the bog body.
The bog body resists.
The bog body's fire resistance burns away.
The bog body touches you. The bog body freezes you!!!
You feel a terrible chill!
* * * LOW HITPOINT WARNING * * *
Your corrosive artefact corrodes you! 😱 HP[-46]
You take 46 damage, and now have 20/94 hp.
MASSIVE DAMAGE!! (PAUSE)
Casting: Scorch (safe; 0% risk of failure)
Confirm with . or Enter, or press ? or * to list all spells.
Flames lash the bog body.
* * * LOW HITPOINT WARNING * * *
The bog body gestures at you while chanting.
You resist with some effort.
The bog body closely misses you. 😱 HP[-2]
You take 2 damage, and now have 18/94 hp.
Unknown command.
Casting: Scorch (safe; 0% risk of failure)
Confirm with . or Enter, or press ? or * to list all spells.
Flames lash the bog body.
* * * LOW HITPOINT WARNING * * *
The bog body closely misses you. 😱 HP[-1]
You take 1 damage, and now have 17/94 hp.
Unknown command.
Casting: Scorch (safe; 0% risk of failure)
Confirm with . or Enter, or press ? or * to list all spells.
Flames lash the bog body.
* * * LOW HITPOINT WARNING * * *
The bog body points at you and mumbles some strange words.
The bolt of cold hits you!!!
You feel a terrible chill!
You die...

Skill      XL: |  1  2  3  4  5  6  7  8  9 10 11 12 13 |
---------------+----------------------------------------+-----
Spellcasting   | 3 4 5 6 7 9 10 12 13 14 | 14.1
Stealth        | 2 |  2.0
Fighting       | 2 5 6 8 |  8.8
Dodging        | 4 6 7 8 |  8.0
Invocations    | 3 4 |  4.7

Action                     |  1- 3 |  4- 6 |  7- 9 | 10-12 | 13-15 || total
---------------------------+-------+-------+-------+-------+-------++-------
  Melee: Staff             |     1 |     5 |    27 |    15 |       ||    48
         Punch             |       |       |       |     1 |       ||     1
   Cast: Foxfire           |    24 |     6 |    18 |    46 |    19 ||   113
         Scorch            |    25 |    41 |    89 |   150 |    37 ||   342
         Searing Ray       |       |     1 |     3 |     3 |     1 ||     8
         Poisonous Vapours |       |       |    69 |   112 |    10 ||   191
         Flame Wave        |       |       |     1 |    26 |     6 ||    33
         Mephitic Cloud    |       |       |     1 |     4 |     2 ||     7
         Volatile Blastmot |       |       |     1 |       |       ||     1
  Evoke: Phantom mirror    |       |       |       |       |     1 ||     1
    Use: Scroll            |     4 |     1 |     5 |     6 |     3 ||    19
         Potion            |       |       |       |     3 |     1 ||     4
   Stab: Sleeping          |       |     1 |       |       |       ||     1
 Armour: Robe              |     1 |       |       |       |       ||     1
         Leather armour    |       |     3 |    43 |    39 |    13 ||    98
  Dodge: Dodged            |    10 |    11 |    41 |   107 |    23 ||   192

Levels and vault maps discovered:
D:1:      minmay_arrival_stair_chambers, layout_basic
D:2:      layout_loops_ring, serial_shops, shop_statue
D:3:      layout_rooms, nicolae_wu_jian_immortal_techniques, serial_forest,
          infiniplex_forest_clump_medium, infiniplex_forest_straight_3,
          infiniplex_forest_pool, infiniplex_forest_lined_2,
          infiniplex_forest_lined_2, infiniplex_forest_clump_double,
          infiniplex_forest_join, uniq_sigmund
D:4:      layout_rooms, serial_forest, infiniplex_forest_clump_medium,
          infiniplex_forest_end_3, infiniplex_forest_corner_1,
          infiniplex_forest_corner_1, infiniplex_forest_zigzag_2,
          infiniplex_forest_lined_corner
D:5:      layout_layer_cave, mainiacjoe_overflow_cross_hatched,
          nicolae_qazlal_scattered_showers
D:6:      layout_cave_pools, serial_bayou, serial_bayou_ford_a,
          serial_bayou_crossing, serial_bayou_pond_d, serial_bayou_pond_d
D:7:      layout_gridville, minmay_temple_entry_purple_smoke, enter_bailey_2,
          gup_ossuary_entry_pyramid, minivault_5,
          corexii_mini_fake_secret_closet, nicolae_alphabet_shops,
          grunt_ministairs_13, chequers_serial_rivers_micro_d
D:8:      layout_rooms, marbit_many_paths, chequers_temple_overflow_minitemple,
          overflow_temple_1_default, mainiacjoe_overflow_six_doors_small,
          due_lair_maze_entry_diamond, serial_shops, shop, grunt_decor_fettered
D:9:      minmay_separated_statues, layout_layer_cave, uniq_maurice,
          uniq_amaemon
D:10:     layout_layer_cave, david_orc_3, uniq_psyche
Temple:   nicolae_temple_ecumenical_triangle
Lair:1:   layout_concentric_octagons, grunt_megastairs_1,
          infiniplex_staircase_pool_2, lemuel_fruit_fields
Lair:2:   layout_cave_pods, minmay_snake_entry_guardpost_medium,
          nzn_masters_of_martial_movement, serial_bayou_shore_a,
          grunt_megastairs_4
Lair:3:   layout_cave_pods, nicolae_swamp_entry_splash_gauntlet,
          gauntlet_entry_generic

Notes
Turn   | Place    | Note
-------+----------+-------------------------------------------
     0 | D:1      | Kenran the Djinni Fire Elementalist began the quest for the
                  | Orb.
     0 | D:1      | Kenran set off with the following spells memorised:
                  | Foxfire, Scorch, Volatile Blastmotes, Inner Flame, Flame
                  | Wave.
     0 | D:1      | Reached XP level 1. HP: 15/15 MP: 0/0
     0 | D:1      | magus.rc [v1.11.6]
   148 | D:1      | Reached XP level 2. HP: 20/21 MP: 0/0
   280 | D:1      | Reached skill level 3 in Spellcasting
   577 | D:1      | Reached XP level 3. HP: 23/25 MP: 0/0
   577 | D:1      | Learned a level 1 spell: Sting
  1222 | D:2      | Identified the +3 leather armour "Umibla" {rF+ Int+4}
  1563 | D:2      | Reached XP level 4. HP: 29/31 MP: 0/0
  1735 | D:2      | Found Gixauvenk's Weapon Boutique.
  2053 | D:3      | Noticed a phantom
  2175 | D:3      | Killed a phantom
  2176 | D:3      | Reached skill level 4 in Spellcasting
  2176 | D:3      | Reached skill level 2 in Stealth
  2176 | D:3      | Reached XP level 5. HP: 25/35 MP: 0/0
  2176 | D:3      | Learned a level 2 spell: Searing Ray
  2378 | D:3      | Noticed Sigmund
  2384 | D:3      | Killed Sigmund
  2385 | D:3      | Reached skill level 5 in Spellcasting
  2385 | D:3      | Reached XP level 6. HP: 33/40 MP: 0/0
  2414 | D:3      | Found an ornate altar of the Wu Jian Council.
  2746 | D:4      | Reached XP level 7. HP: 35/45 MP: 0/0
  2746 | D:4      | Learned a level 2 spell: Poisonous Vapours
  2953 | D:4      | HP: 5/45 [gnoll/+0 halberd (9)]
  2954 | D:4      | Reached skill level 6 in Spellcasting
  3238 | D:4      | Reached skill level 1 in Fighting
  3476 | D:5      | Entered Level 5 of the Dungeon
  3476 | D:5      | Found a stormy altar of Qazlal.
  3579 | D:4      | Reached skill level 2 in Fighting
  3748 | D:5      | Reached XP level 8. HP: 44/54 MP: 0/0
  4258 | D:5      | Reached skill level 7 in Spellcasting
  4268 | D:5      | HP: 12/54 [orc wizard/magic dart (3)]
  4518 | D:6      | Reached skill level 3 in Dodging
  4795 | D:6      | Reached skill level 4 in Dodging
  4846 | D:6      | HP: 11/54 [electric eel/bolt of electricity (12)]
  5367 | D:6      | Reached XP level 9. HP: 47/58 MP: 0/0
  5367 | D:6      | Learned a level 3 spell: Mephitic Cloud
  5385 | D:7      | Found a flagged portal.
  5392 | D:7      | Identified the +1 hand axe "Minny" {flame, rN+ Will- Dex+6}
  5394 | D:7      | Identified the +0 hand axe of Shrieking Terror {freeze, rF+
                  | rC+ Str+2}
  5401 | Bailey   | Entered a bailey
  5423 | Bailey   | Reached skill level 8 in Spellcasting
  5697 | Bailey   | Identified the +7 broad axe "Notavose" {flame, rN++ Str-3
                  | Dex+3}
  5812 | Bailey   | Identified the staff of conjuration "Zyumak" {*Corrode
                  | rElec rPois Int+8}
  5948 | D:7      | HP: 13/58 [wight/+4 dagger (7)]
  6127 | D:6      | Reached skill level 9 in Spellcasting
  6445 | D:7      | Found a staircase to the Ecumenical Temple.
  6465 | D:7      | Noticed a troll
  6471 | D:7      | Killed a troll
  6554 | D:7      | Reached XP level 10. HP: 53/64 MP: 0/0
  6626 | D:7      | Reached skill level 10 in Spellcasting
  6784 | D:7      | Found Iuygiri's Incredible Inventory.
  6792 | D:7      | Bought a scroll of identify for 26 gold pieces
  6834 | Temple   | Entered the Ecumenical Temple
  6875 | Temple   | Became a worshipper of Makhleb the Destroyer
  6945 | D:7      | Reached skill level 3 in Fighting
  7264 | D:7      | Reached skill level 4 in Fighting
  7396 | D:8      | Found Mafisona's Armour Emporium.
  7401 | D:8      | Reached skill level 1 in Invocations
  7529 | D:8      | Reached skill level 5 in Dodging
  7537 | D:8      | Reached skill level 2 in Invocations
  7606 | D:8      | Found a hide-covered altar of Uskayaw.
  7707 | D:8      | Reached skill level 3 in Invocations
  7721 | D:8      | Reached skill level 6 in Dodging
  8005 | D:8      | Found a staircase to the Lair.
  8069 | D:8      | Identified the +5 war axe "Fafeamin" {freeze, rPois Int+2}
  8124 | D:8      | Found a blossoming altar of Fedhas.
  8186 | D:8      | Found a sacrificial altar of Ru.
  8259 | D:8      | Found a faded altar of an unknown god.
  8259 | D:8      | Found a bloodstained altar of Trog.
  8265 | D:8      | Found a faded altar of an unknown god.
  8268 | D:8      | Found a shadowy altar of Dithmenos.
  8270 | D:8      | Found a glowing golden altar of the Shining One.
  8494 | D:9      | Reached skill level 5 in Fighting
  8556 | D:9      | HP: 12/70 [something (8)]
  8850 | D:9      | Reached XP level 11. HP: 68/75 MP: 0/0
  8850 | D:9      | Learned a level 4 spell: Anguish
  8933 | D:9      | Noticed Amaemon
  8964 | D:9      | Killed Amaemon
  8965 | D:9      | Reached skill level 11 in Spellcasting
  9122 | D:9      | Noticed Maurice
  9127 | D:9      | Killed Maurice
  9129 | D:9      | Reached * piety under Makhleb
 10181 | D:9      | Noticed an obsidian statue
 10241 | D:10     | Entered Level 10 of the Dungeon
 10290 | D:10     | Noticed Psyche
 10295 | D:10     | Killed Psyche
 10414 | D:10     | Found a staircase to the Orcish Mines.
 10787 | D:10     | Noticed a two-headed ogre
 10805 | D:10     | Killed a two-headed ogre
 10806 | D:10     | Reached skill level 12 in Spellcasting
 11570 | Lair:1   | Entered Level 1 of the Lair of Beasts
 11570 | Lair:1   | Noticed an elephant
 11570 | Lair:1   | Noticed an elephant
 11572 | Lair:1   | Noticed an elephant
 11574 | Lair:1   | Noticed an elephant
 11583 | D:8      | Killed an elephant
 11672 | Lair:1   | Killed an elephant
 11674 | Lair:1   | Killed an elephant
 11674 | Lair:1   | Killed an elephant
 11879 | Lair:1   | Reached skill level 6 in Fighting
 11879 | Lair:1   | Reached skill level 7 in Dodging
 11883 | Lair:1   | Reached XP level 12. HP: 58/83 MP: 0/0
 12111 | Lair:1   | Reached ** piety under Makhleb
 12234 | Lair:1   | Reached skill level 7 in Fighting
 12234 | Lair:1   | Reached skill level 8 in Dodging
 12838 | Lair:2   | Noticed a boulder beetle
 12950 | Lair:1   | Killed a boulder beetle
 13128 | Lair:2   | Noticed a catoblepas
 13136 | Lair:2   | Killed a catoblepas
 13137 | Lair:2   | Reached skill level 8 in Fighting
 13366 | Lair:2   | Reached skill level 13 in Spellcasting
 13976 | Lair:2   | Noticed a boulder beetle
 14081 | Lair:2   | Found an ornate altar of the Wu Jian Council.
 14083 | Lair:2   | Found a hide-covered altar of Uskayaw.
 14103 | Lair:2   | Found a staircase to the Snake Pit.
 14257 | Lair:2   | Killed a boulder beetle
 14258 | Lair:2   | Reached XP level 13. HP: 36/92 MP: 0/0
 14258 | Lair:2   | Learned a level 5 spell: Summon Mana Viper
 14888 | Lair:3   | Found a gate leading to a gauntlet.
 14900 | Gauntlet | Entered a Gauntlet
 14900 | Gauntlet | Found a transporter.
 14900 | Gauntlet | Found a transporter.
 14901 | Gauntlet | magus.rc [v1.11.6]
 14904 | Gauntlet | Found a transporter.
 14904 | Gauntlet | Found a transporter.
 14914 | Gauntlet | Found a transporter.
 14924 | Gauntlet | Found a transporter.
 14924 | Gauntlet | Found a transporter.
 14924 | Gauntlet | Noticed a catoblepas
 14948 | Gauntlet | Found a transporter.
 14955 | Gauntlet | Found a transporter.
 14967 | Gauntlet | Found a transporter.
 14989 | Gauntlet | Found a transporter.
 15003 | Gauntlet | Found a transporter.
 15042 | Gauntlet | Found a transporter.
 15056 | Gauntlet | Noticed a catoblepas
 15058 | Gauntlet | Found a transporter.
 15157 | Gauntlet | Found a transporter.
 15171 | Gauntlet | Found a transporter.
 15274 | Gauntlet | Reached *** piety under Makhleb
 15382 | Gauntlet | Identified the +6 dagger of Gallantry {freeze, rElec rN++
                  | Will+ Int+3 Dex-4}
 15443 | Gauntlet | Killed a catoblepas
 15446 | Gauntlet | HP: 22/92 [gargoyle/stone arrow (14)]
 15644 | Gauntlet | Identified the ring "Zaudargha" {rPois Int+6}
 15644 | Gauntlet | Noticed a minotaur
 15662 | Gauntlet | Killed a minotaur
 15663 | Gauntlet | Reached skill level 14 in Spellcasting
 15663 | Gauntlet | Reached skill level 4 in Invocations
 15674 | Gauntlet | Identified the amulet "Quphapn" {RegenMP Rampage Drain Fly
                  | Slay+4}
 15674 | Gauntlet | Identified the +2 robe of Reason {rF+ Dex+2}
 16633 | Lair:3   | HP: 20/94 [bog body (43)]
 16636 | Lair:3   | Killed from afar by a bog body

Vanquished Creatures
  A minotaur (Gauntlet)
  2 catoblepae
  A two-headed ogre (D:10)
  A tengu warrior (Gauntlet)
  2 boulder beetles
  Amaemon (D:9)
  A bog body (Lair:3)
  Maurice (D:9)
  4 elephants
  An orange demon (D:9)
  A black mamba (Lair:3)
  7 cane toads
  Psyche (D:10)
  A rime drake (Lair:2)
  A tengu conjurer (Gauntlet)
  3 komodo dragons
  A polar bear (Lair:1)
  3 trolls
  9 blink frogs
  Sigmund (D:3)
  5 flying skulls (Gauntlet)
  2 wyverns
  A vampire (D:9)
  11 yaks
  3 steam dragons
  4 nagas (Lair:2)
  A swamp worm (Lair:3)
  8 water moccasins
  An acid dragon (D:10)
  2 ice beasts (D:7)
  7 orc warriors
  5 black bears
  A sky beast (D:6)
  2 ogres
  9 wolves
  2 centaurs
  A phantom (D:3)
  2 kobold brigands
  4 scorpions
  14 bullfrogs
  5 wights
  11 killer bees
  2 howler monkeys (D:10)
  3 electric eels
  2 hounds (D:6)
  A jelly (D:8)
  8 orc priests
  3 iguanas
  9 orc wizards
  5 hell rats (Lair:3)
  A mummy (D:7)
  8 gnolls
  5 adders
  A shadow imp (D:5)
  2 white imps
  2 worms
  3 dart slugs
  38 orcs
  4 ball pythons
  7 endoplasms
  4 giant cockroaches
  12 goblins
  5 hobgoblins
  3 jackals (D:1)
  23 kobolds
  5 quokkas (D:1)
  7 bats
  5 frilled lizards
  4 rats
316 creatures vanquished.

Vanquished Creatures (collateral kills)
  A foxfire (Lair:2)
1 creature vanquished.

Vanquished Creatures (others)
  181 foxfires
181 creatures vanquished.

Grand Total: 498 creatures vanquished

Table legend:
 A = Non-vault XP
 B = Vault XP
 C = Vault XP percentage of total XP
 D = Non-vault monster count
 E = Vault monster count
 F = Vault count percentage of total count
                 A         B        C        D         E       F
            +---------+---------+-------+---------+---------+-------
      Total |   20538 |   14048 |  40.6 |     235 |      81 |  25.6
            +---------+---------+-------+---------+---------+-------
        D:1 |      50 |       0 |   0.0 |      26 |       0 |   0.0
        D:2 |      22 |       0 |   0.0 |       7 |       0 |   0.0
        D:3 |     189 |     243 |  56.2 |      22 |       1 |   4.3
        D:4 |     415 |       0 |   0.0 |      32 |       0 |   0.0
        D:5 |     396 |       0 |   0.0 |      17 |       0 |   0.0
        D:6 |     718 |     124 |  14.7 |      13 |       1 |   7.1
        D:7 |    1705 |      28 |   1.6 |      13 |       2 |  13.3
        D:8 |    1051 |    1675 |  61.4 |      14 |      13 |  48.1
        D:9 |    1401 |    1665 |  54.3 |      27 |       3 |  10.0
       D:10 |    1685 |     620 |  26.9 |      10 |       6 |  37.5
     Lair:1 |    6979 |     988 |  12.4 |      29 |       5 |  14.7
     Lair:2 |    3974 |    2943 |  42.5 |      12 |      10 |  45.5
     Lair:3 |    1953 |     905 |  31.7 |      13 |       2 |  13.3
     Bailey |       0 |     711 | 100.0 |       0 |      29 | 100.0
   Gauntlet |       0 |    4146 | 100.0 |       0 |       9 | 100.0
            +---------+---------+-------+---------+---------+-------

Skill      XL: |  1  2  3  4  5  6  7  8  9 10 11 12 13 |
---------------+----------------------------------------+-----
Spellcasting   | 3 4 5 6 7 9 10 12 13 14 | 14.1
Stealth        | 2 |  2.0
Fighting       | 2 5 6 8 |  8.8
Dodging        | 4 6 7 8 |  8.0
Invocations    | 3 4 |  4.7

Action                     |  1- 3 |  4- 6 |  7- 9 | 10-12 | 13-15 || total
---------------------------+-------+-------+-------+-------+-------++-------
  Melee: Staff             |     1 |     5 |    27 |    15 |       ||    48
         Punch             |       |       |       |     1 |       ||     1
   Cast: Foxfire           |    24 |     6 |    18 |    46 |    19 ||   113
         Scorch            |    25 |    41 |    89 |   150 |    37 ||   342
         Searing Ray       |       |     1 |     3 |     3 |     1 ||     8
         Poisonous Vapours |       |       |    69 |   112 |    10 ||   191
         Flame Wave        |       |       |     1 |    26 |     6 ||    33
         Mephitic Cloud    |       |       |     1 |     4 |     2 ||     7
         Volatile Blastmot |       |       |     1 |       |       ||     1
  Evoke: Phantom mirror    |       |       |       |       |     1 ||     1
    Use: Scroll            |     4 |     1 |     5 |     6 |     3 ||    19
         Potion            |       |       |       |     3 |     1 ||     4
   Stab: Sleeping          |       |     1 |       |       |       ||     1
 Armour: Robe              |     1 |       |       |       |       ||     1
         Leather armour    |       |     3 |    43 |    39 |    13 ||    98
  Dodge: Dodged            |    10 |    11 |    41 |   107 |    23 ||   192

Illustrated notes

Table legend:
 A = Kills in this place as a percentage of kills in the entire game.
 B = Kills by you in this place as a percentage of kills by you in the entire game.
 C = Kills by friends in this place as a percentage of kills by friends in the entire game.
 D = Other kills in this place as a percentage of other kills in the entire game.
 E = Experience gained in this place as a percentage of experience gained in the entire game.
 F = Experience gained in this place divided by the number of levels of this place that you have seen.
                   A       B       C       D       E      F
               +-------+-------+-------+-------+-------+----------------------
         Total | 100.0 | 100.0 |   N/A | 100.0 | 100.0 | 2161.6
       Dungeon |  65.5 |  65.9 |   N/A |   0.0 |  34.7 | 1198.7
          Lair |  22.5 |  22.0 |   N/A | 100.0 |  51.3 | 5914.0
        Bailey |   9.2 |   9.2 |   N/A |   0.0 |   2.1 | 711.0
      Gauntlet |   2.8 |   2.9 |   N/A |   0.0 |  12.0 | 4146.0
               +-------+-------+-------+-------+-------+----------------------

Table legend: (Time is in decaauts)
 A = Elapsed time spent in this place.
 B = Non-inter-level travel time spent in this place.
 C = Inter-level travel time spent in this place.
 D = Time resting spent in this place.
 E = Time spent auto-exploring this place.
 F = Levels seen in this place.
 G = Mean time per level.
                   A        B        C        D        E       F      G
               +--------+--------+--------+--------+--------+-----+--------+
         Total |  16664 |  16291 |    373 |   4963 |   8804 |  16 | 1041.5 |
       Dungeon |  11268 |  10996 |    272 |   2974 |   6389 |  10 | 1126.8 |
        Temple |     46 |     27 |     19 |      0 |     18 |   1 |   46.0 |
          Lair |   4064 |   3983 |     81 |   1573 |   1965 |   3 | 1354.7 |
        Bailey |    506 |    506 |      0 |    187 |    136 |   1 |  506.0 |
      Gauntlet |    777 |    777 |      0 |    229 |    296 |   1 |  777.0 |
               +--------+--------+--------+--------+--------+-----+--------+

Top non-repeatable levels by time:
     D:9: 1935 daAuts
  Lair:2: 1780 daAuts
     D:8: 1352 daAuts
  Lair:1: 1232 daAuts
    D:10: 1231 daAuts
     D:7: 1187 daAuts
     D:4: 1158 daAuts
     D:1: 1108 daAuts
     D:6: 1064 daAuts
  Lair:3: 1051 daAuts
     D:2: 830 daAuts
Gauntlet: 777 daAuts
     D:3: 725 daAuts
     D:5: 673 daAuts
  Bailey: 506 daAuts
